 Dungeon Crawl Stone Soup version 0.16-a0-4123-g49b462e (webtiles) character file.

106 Chiseanne the Magician (level 4, 0/39 HPs)
             Began as a Naga Transmuter on Mar 2, 2015.
             Was an Initiate of Ru.
             Slain by Sigmund
             ... wielding a +2 scythe of slicing
              (7 damage)
             ... on level 3 of the Dungeon.
             The game lasted 00:10:33 (3825 turns).

Chiseanne the Magician (Naga Transmuter)            Turns: 3825, Time: 00:10:33

Health: 0/39       AC:  2    Str: 11 (12) XL:     4   Next: 84%
Magic:  8/9        EV: 10    Int: 13      God:    Ru [......]
Gold:   172        SH:  0    Dex: 13      Spells: 2 memorised, 6 levels left

rFire  . . .     SeeInvis +       - Unarmed
rCold  . . .     Clarity  .     c - +0 robe
rNeg   . . .     SustAb   .     (no shield)
rPois  +         Gourm    .     (helmet restricted)
rElec  .         Spirit   .     (no cloak)
rCorr  +         Warding  .     (no gloves)
rMut   .         Stasis   .     (no barding)
MR     .....                    q - amulet of resist corrosion
Stlth  +.........               (no ring)
                                (no ring)

@: short of breath, appendage, very slow, not resistant to hostile enchantments,
very unstealthy
A: spit poison, horns 2, see invisible, deformed body, poison resistance,
slowness 2, AC +1
a: Spit Poison, End Transformation, Renounce Religion


You were on level 3 of the Dungeon.
You worshipped Ru.
Ru was noncommittal.
You were not hungry.
You had grown temporary horns.
You visited 1 branch of the dungeon, and saw 3 of its levels.

You collected 172 gold pieces.

Inventory:

Missiles
 b - 59 arrows
 m - 15 bolts
Armour
 c - a +0 robe (worn)
Jewellery
 q - an amulet of resist corrosion (around neck)
Magical devices
 r - a wand of confusion (40)
Scrolls
 e - a scroll of identify
 j - 2 scrolls of remove curse
Potions
 i - a potion of curing
Books
 d - a book of Changes

   Spells                             Type                      Level
   a - Beastly Appendage              Transmutation                1
   b - Sticks to Snakes               Transmutation                2
   c - Spider Form                    Transmutation/Poison         3
   d - Ice Form                       Ice/Transmutation            4
   e - Blade Hands                    Transmutation                5
Comestibles
 a - 2 bread rations
 f - a meat ration
 g - 2 beef jerkies
 h - 2 royal jellies


   Skills:
 * Level 1.8 Fighting
 * Level 2.7 Dodging
 - Level 3.0 Unarmed Combat
 * Level 3.1 Spellcasting
 * Level 2.4 Transmutations


You had 6 spell levels left.
You knew the following spells:

 Your Spells              Type           Power        Failure   Level  Hunger
a - Beastly Appendage     Trmt           #.....       10%         1    #......
b - Sticks to Snakes      Trmt           #.........   14%         2    ##.....


Dungeon Overview and Level Annotations

Branches:
Dungeon (3/15)

Altars:
Ru
Trog
Yredelemnul
The Shining One

Annotations:
D:2 exclusions: downstairs and 1 more exclusion
D:3 Sigmund


Innate Abilities, Weirdness & Mutations

You cannot wear boots.
You can spit poison.
Your serpentine skin is tough (AC +1).
You have supernaturally acute eyesight.
Armour fits poorly on your strangely shaped body.
Your system is resistant to poisons.
You cover ground very slowly.
You have a pair of horns on your head.


Message History

The splash of poison misses the adder.
The splash of poison misses Sigmund.
You feel slightly more hungry. The hobgoblin hits you with a club.
* * * LOW HITPOINT WARNING * * *
The adder bites you.
* * * LOW HITPOINT WARNING * * *
Drink which item? (? for menu, Esc to quit)
It was a potion of curing.
You feel better. The adder bites you.
* * * LOW HITPOINT WARNING * * *
The hobgoblin hits you with a club.
* * * LOW HITPOINT WARNING * * *
Read which item? (? for menu, Esc to quit)
Okay, then.
The adder bites you.
* * * LOW HITPOINT WARNING * * *
Casting: Beastly Appendage
Confirm with . or Enter, or press ? or * to list all spells.
You grow a pair of large bovine horns.
The adder misses you. The hobgoblin barely misses you.
Sigmund hits you from afar with a scythe of slicing!
You die...

# ... # . ...... # ..#.. .
......# #####.#..... #%.....#
......#....# #......#
...........# #......+
..###......# ##......#
).##.......##########.....#.###
.>..............@S@............
.................g.......).....
####........#########........#
#..........# #........#
#....<..##.# #.?..##+##
##.#....##.# #....# #.#....##.#
#....# #####.........# #....#
<..........#### #...


You could see Sigmund, an adder and a hobgoblin.

Vanquished Creatures
  Jessica (D:2)
  A gnoll (D:1)
  3 adders
  A giant gecko (D:2)
  An ooze (D:2)
  A ball python (D:1)
  A giant cockroach (D:2)
  7 goblins
  11 hobgoblins
  4 kobolds
  7 bats
  6 giant newts
  7 rats
51 creatures vanquished.

Notes
Turn   | Place    | Note
--------------------------------------------------------------
     0 | D:1      | Chiseanne, the Naga Transmuter, began the quest for the Orb.
     0 | D:1      | Reached XP level 1. HP: 18/18 MP: 3/3
   492 | D:1      | Reached XP level 2. HP: 25/25 MP: 2/4
   948 | D:1      | Reached XP level 3. HP: 19/31 MP: 4/6
  1847 | D:2      | Found a sacrificial altar of Ru.
  1862 | D:2      | Became a worshipper of Ru the Awakened
  1908 | D:2      | Found a basalt altar of Yredelemnul.
  1908 | D:2      | Found a bloodstained altar of Trog.
  2316 | D:2      | Reached XP level 4. HP: 33/38 MP: 6/8
  2339 | D:2      | Found a glowing golden altar of the Shining One.
  2542 | D:2      | Noticed Jessica
  2556 | D:2      | Killed Jessica
  2932 | D:2      | Learned a level 2 spell: Sticks to Snakes
  3144 | D:3      | Noticed an ice beast
  3814 | D:3      | Noticed Sigmund
  3825 | D:3      | Slain by Sigmund

Action                   |  1- 3 |  4- 6 || total
-------------------------+-------+-------++-------
Melee: Unarmed           |   103 |    71 ||   174
 Cast: Beastly Appendage |    22 |    20 ||    42
 Abil: Spit Poison       |    11 |     7 ||    18
Evoke: Wand              |       |     1 ||     1
  Use: Potion            |     1 |     3 ||     4
       Scroll            |       |     7 ||     7
  Eat: Chunk             |     5 |     6 ||    11
